 Dungeon Crawl Stone Soup version 0.26.1-11-gd32895ea62 (webtiles) character file.

Game seed: 2287370466040822362

140 nothank2 the Slasher (level 5, -1/41 HPs)
             Began as a Formicid Fighter on July 13, 2021.
             Slain by an orc
             ... wielding a +0 morningstar
              (7 damage)
             ... on level 3 of the Dungeon.
             The game lasted 00:05:22 (2369 turns).

nothank2 the Slasher (Formicid Fighter)             Turns: 2369, Time: 00:05:22

Health: -1/41      AC:  8    Str: 22    XL:     5   Next: 46%
Magic:  5/5        EV:  8    Int:  7    God:
Gold:   166        SH:  9    Dex: 10    Spells: 4/4 levels left

rFire    . . .     SeeInvis +   a - +0 long sword
rCold    . . .     Faith    .   c - +0 kite shield
rNeg     . . .     Spirit   .   b - +0 scale mail
rPois    .         Reflect  .   (helmet unavailable)
rElec    .         Harm     .   l - +0 cloak
rCorr    .         Rampage  .   (no gloves)
Will     .....                  (no boots)
Stlth    ..........             (no amulet)
HPRegen  0.13/turn              (no ring)
MPRegen  0.09/turn              (no ring)

@: no status effects
A: permanent stasis, dig shafts and tunnels, four strong arms, antennae 3
a: Dig, Shaft Self


You were on level 3 of the Dungeon.
You visited 1 branch of the dungeon, and saw 3 of its levels.

You collected 166 gold pieces.

Inventory:

Hand Weapons
 a - a +0 long sword (weapon)
Missiles
 o - 7 silver boomerangs
Armour
 b - a +0 scale mail (worn)
 c - a +0 kite shield (worn)
 l - a +0 cloak (worn)
Jewellery
 g - a +4 ring of slaying {unknown}
Scrolls
 e - a scroll of immolation {unknown}
 i - a scroll of fog {unknown}
 k - a scroll of teleportation {unknown}
 m - a scroll of identify {unknown}
 n - a scroll of enchant armour {unknown}
 q - a scroll of remove curse {unknown}
Potions
 d - 2 potions of might
 f - a potion of lignification {unknown}
 h - a potion of cancellation {unknown}
 j - 3 potions of brilliance {unknown}
 p - a potion of degeneration {unknown}


   Skills:
 - Level 3.2 Fighting
 * Level 5.2 Long Blades
 - Level 3.2 Armour
 - Level 3.6 Shields


You had 4 spell levels left.
You didn't know any spells.
Your spell library was empty.

Dungeon Overview and Level Annotations

Branches:
Dungeon (3/15)

Altars:
Ashenzari
Cheibriados


Innate Abilities, Weirdness & Mutations

You cannot be hasted, slowed, berserked, paralysed or teleported.
You can dig through walls and to a lower floor.
Your four strong arms can wield two-handed weapons with a shield.
You have a pair of large antennae on your head. (SInv)


Message History

The orc closely misses you. You block the orc priest's attack.
You hit the orc priest.
The orc priest is heavily wounded.
The orc priest hits you but does no damage.
The orc closely misses you.
You barely miss the orc priest.
The orc priest is heavily wounded.
The orc priest closely misses you. The orc hits you but does no damage.
You hit the orc priest but do no damage.
The orc priest is heavily wounded.
The orc priest invokes the aid of Beogh against you.
Pain shoots through your body!
* * * LOW HITPOINT WARNING * * *
The orc closely misses you.
You hit the orc priest.
The orc priest is almost dead.
The orc priest closely misses you.
You riposte.
You barely miss the orc priest.
The orc priest is almost dead.
The orc hits you with a +0 morningstar!
You die...

<...## #...................
.....#######.....<............
####......##..##....##.##.###
.######...........##.#
............#.#......#
..#####...#...#...####
..######.........#.####
.......................
..######......o@.######..
#........o###.....
##....####.........
.#####...### #####.....
...>....## ..# .......†# #
...(....# ..##..#{{{ #
......{{


You could see an orc priest and an orc.

Vanquished Creatures
  2 orc wizards (D:2)
  An adder (D:2)
  2 oozes (D:1)
  A worm (D:2)
  3 dart slugs
  A leopard gecko (D:1)
  An orc (D:2)
  7 bats
  3 giant cockroaches
  5 goblins
  4 hobgoblins
  10 jackals
  A quokka (D:2)
  4 frilled lizards
  4 kobolds
  6 rats
55 creatures vanquished.

Notes
Turn   | Place    | Note
-------+----------+-------------------------------------------
     0 | D:1      | nothank2 the Formicid Fighter began the quest for the Orb.
     0 | D:1      | Reached XP level 1. HP: 18/18 MP: 1/1
    23 | D:1      | Reached XP level 2. HP: 23/24 MP: 2/2
   133 | D:1      | Reached skill level 3 in Long Blades
   467 | D:1      | Reached XP level 3. HP: 29/29 MP: 3/3
   997 | D:2      | Found a broken altar of Ashenzari.
  1315 | D:2      | Found a snail-covered altar of Cheibriados.
  1331 | D:2      | Reached skill level 4 in Long Blades
  1331 | D:2      | Reached XP level 4. HP: 35/35 MP: 4/4
  2078 | D:2      | Reached XP level 5. HP: 26/41 MP: 5/5
  2268 | D:2      | Reached skill level 5 in Long Blades
  2369 | D:3      | Slain by an orc

Illustrated notes

Levels and vault maps discovered:
D:1:      lightli_arrival_noodles, layout_basic
D:2:      layout_loops_cross, ashenzari_conservatory_becter, cheibriados_altar_1
D:3:      layout_rooms

Skill      XL: |  1  2  3  4  5 |
---------------+----------------+-----
Long Blades    | 3 4 5 |  5.2
Fighting       | |  3.2
Armour         | |  3.2
Shields        | |  3.6

Action                   |  1- 3 |  4- 6 || total
-------------------------+-------+-------++-------
Melee: Long sword        |   122 |    76 ||   198
Armor: Scale mail        |    40 |    21 ||    61
Dodge: Dodged            |    33 |    33 ||    66
Block: Kite shield       |    59 |    36 ||    95
       Rpst.: Long sword |     7 |     7 ||    14
